 Dungeon Sprint DCSS version 0.17-a0-1176-g3d5a0d0 (webtiles) character file.

26933 nuthulu the Brawler (level 13, 0/148 HPs)
             Began as a Troll Berserker on May 30, 2015.
             Was the Champion of Trog.
             Slain by a demonic crawler (6 damage)
             ... in the Dungeon (Sprint IX: "|||||||||||||||||||||||||||||").
             The game lasted 00:12:05 (2179 turns).

nuthulu the Brawler (Troll Berserker)               Turns: 2179, Time: 00:12:05

Health: 0/148      AC: -10   Str: 35    XL:     13   Next: 1%
Magic:  0/10       EV:  8    Int:  7    God:    Trog [******]
Gold:   1262       SH:  0    Dex: 12    Spells: 0 memorised, 12 levels left

rFire  + + .     SeeInvis .       - Unarmed
rCold  x . .     Clarity  .     z - +5 fire dragon armour "Tommiwk" {rF++ rC- Int+4}
rNeg   . . .     SustAt   .     (no shield)
rPois  .         Gourm    +     s - +1 hat
rElec  .         Spirit   .     (no cloak)
rCorr  .         Warding  .     (gloves unavailable)
rMut   .         NoTele   +     (boots unavailable)
MR     .....                    (no amulet)
Stlth  ..........               n - +3 ring of dexterity
                                m - +3 ring of strength

@: corroded equipment, held, not resistant to hostile enchantments, extremely
unstealthy
A: unfitting armour, claws 3, fast metabolism 3, gourmand, low mp 1,
regeneration 2, shaggy fur 1, tough skin 2
a: Burn Spellbooks, Berserk, Trog's Hand, Brothers in Arms, Renounce Religion


You were in the Dungeon.
You worshipped Trog.
Trog was exalted by your worship.
You were not hungry.

You visited 1 branch You collected 1262 gold pieces.

Inventory:

Armour
 s - a +1 hat (worn)
 z - the +5 fire dragon armour "Tommiwk" (worn) {rF++ rC- Int+4}
   (You found it in the Dungeon)

   It affects your intelligence (+4).
   It greatly protects you from fire.
   It makes you vulnerable to cold.
Jewellery
 m - a +3 ring of strength (left claw)
 n - a +3 ring of dexterity (right claw)
 w - an uncursed ring of protection from fire
 x - an uncursed ring of ice
 y - an uncursed ring of protection from magic
Magical devices
 l - a wand of draining (7)
 o - a wand of fireball (13)
Scrolls
 h - 7 scrolls of blinking
 i - 2 scrolls of fear
 k - 4 scrolls of remove curse
 p - 2 scrolls of enchant weapon
 q - a scroll of enchant armour
 A - 2 scrolls of recharging
Potions
 c - 8 potions of curing
 d - 7 potions of heal wounds
 e - 2 potions of haste
 f - 4 potions of magic
 g - a potion of berserk rage
 j - a potion of invisibility
 t - a potion of flight {unknown}
 u - a potion of cure mutation
Comestibles
 a - 39 fruits
 b - 14 bread rations
 r - 13 meat rations


   Skills:
 * Level 14.9 Fighting
 * Level 5.6 Armour
 * Level 17.1 Dodging
 + Level 1.3 Stealth
 * Level 19.0 Unarmed Combat


You had 12 spell levels left.
You didn't know any spells.

Dungeon Overview and Level Annotations

Branches:
Dungeon (1/1)

Altars:
Cheibriados
Dithmenos
Elyvilon
Fedhas
Gozag
Kikubaaqudgha
Makhleb
Nemelex Xobeh
Okawaru
Qazlal
Ru
Sif Muna
Trog
Vehumet
Xom
Yredelemnul
Zin
The Shining One
Beogh
Jiyva
Lugonu

Shops:
D (*?(


Innate Abilities, Weirdness & Mutations

You are too large for most types of armour.
You have claws for hands.
Your metabolism is lightning-fast.
You like to eat raw meat.
You heal very quickly.
You are covered in fur (AC +1).
You have very tough skin (AC +2).
Your magical capacity is low (-10% MP).


Message History

* * * LOW HITPOINT WARNING * * *
The jumping spider bites you!
* * * LOW HITPOINT WARNING * * *
A hornet comes into view.
Unknown command.
You struggle to detach yourself from the web.
The hornet buzzes angrily.
The demonic crawler hits you.
* * * LOW HITPOINT WARNING * * *
The demonic crawler hits you.
* * * LOW HITPOINT WARNING * * *
The demonic crawler hits you!
* * * LOW HITPOINT WARNING * * *
The jumping spider pounces on you!
* * * LOW HITPOINT WARNING * * *
You are even more entangled.
The jumping spider barely misses you. The demonic crawler hits you!
* * * LOW HITPOINT WARNING * * *
The demonic crawler barely misses you. The demonic crawler hits you.
You die...

,*,*,*,*,*,*,*,▓.▓.▓(▓.▓.▓.▓.▓.▓_
+*,*,*,*,*,*+*,▓.▓.▓.▓.▓.▓.▓.▓.▓_
,*,*+*,*,*,*,*,▓y▓.▓.▓.▓.▓.▓.▓.▓_
,*,*,*,*,*,*,*,♣{♣.▓.▓.▓)▓.▓.▓.▓_
,*,*,*,*,*,*,*,♣.♣.▓.▓.▓)▓.▓)▓.▓_
,*,*,*,*,*,*,*,♣p♣.▓.▓.▓)▓.▓.▓.▓_
,*,*,*,*,*,*,*,♣.♣.▓[▓.▓.▓.▓†▓.▓_
,*,*,*,*,*,*,*,♣s♣.▓[▓.▓)▓.▓)▓.▓_
,*,*,*,*,*,*,*,♣@♣.▓[▓.▓)▓.▓.▓.▓_
,*,*,*,*,*,*,*,♣s♣.▓[▓.▓)▓.▓.▓.▓_
,*,*,*,*,*,*,*,♣.♣.▓[▓.▓)▓.▓.▓.▓_
,*,*,*,*,*,*,*,♣)♣.▓[▓.▓)▓.▓.▓.▓_
,*,*,*,*,*,*,*,♣)♣.▓[▓.▓.▓.▓.▓.▓_
,*,*,*,*,*,*,*,▓.▓.▓[▓.▓.▓.▓.▓.▓_
,*,*,*,*,*,*,*,▓.▓.▓.▓.▓.▓.▓†▓.▓_
,*,*,*,*,*,*,*,▓.▓.▓)▓.▓.▓.▓†▓.▓_
,*,*+*,*,*,*,*,▓.▓.▓)▓.▓.▓.▓÷▓.▓_


You could see an entropy weaver, a demonic crawler, a hornet and a jumping
spider.

Vanquished Creatures
  Gastronok (D)
  A fire dragon (D)
  2 hydras (D)
  A rakshasa (D)
  Erolcha (D)
  2 anacondas (D)
  2 alligators (D)
  A sun demon (D)
  A naga sharpshooter (D)
  A shock serpent (D)
  A spriggan (D)
  A wizard (D)
  2 orc knights (D)
  2 hill giants (D)
  8 orc sorcerers (D)
  A hornet (D)
  An ugly thing (D)
  A wolf spider (D)
  2 black mambas (D)
  A cyclops (D)
  2 guardian serpents (D)
  Psyche (D)
  A naga mage (D)
  2 demonic crawlers (D)
  4 komodo dragons (D)
  A fire drake (D)
  A bog body (D)
  A raven (D)
  A redback (D)
  Eustachio (D)
  Grum (D)
  A vampire mosquito (D)
  A yak (D)
  A hungry ghost (D)
  8 wolves (D)
  2 hippogriffs (D)
  A mottled dragon (D)
  A warg (D)
  2 hell hounds (D)
  An ice beast (D)
  7 orc warriors (D)
  2 water moccasins (D)
  A wasp (D)
  2 porcupines (D)
  A sky beast (D)
  4 centaurs (D)
  A crocodile (D)
  3 giant frogs (D)
  11 orc wizards (D)
  2 quasits (D)
  An orc priest (D)
  An iron imp (D)
  An iguana (D)
  A worker ant (D)
  A sheep (D)
  3 river rats (D)
  2 shadow imps (D)
  A giant gecko (D)
  6 orcs (D)
  A ball python (D)
  A bat zombie (D)
  A hobgoblin (D)
  3 bats (D)
  2 giant cockroaches (D)
  3 goblins (D)
  A rat (D)
130 creatures vanquished.

Vanquished Creatures (collateral kills)
  An ettin (D)
  An entropy weaver (D)
  A fire dragon (D)
  4 orc sorcerers (D)
  A yaktaur (D)
  A hellwing (D)
  An orc wizard (D)
10 creatures vanquished.

Vanquished Creatures (others)
  A hill giant (D)
  A sky beast (D)
  A wight (D)
  A fungus (D)
4 creatures vanquished.

Grand Total: 144 creatures vanquished

Notes
Turn   | Place    | Note
--------------------------------------------------------------
     0 | D        | nuthulu the Troll Berserker began the quest for the Orb.
     0 | D        | Reached XP level 1. HP: 22/22 MP: 0/0
    10 | D        | Acquired Trog's second power
    85 | D        | Noticed a centaur
    85 | D        | Noticed a quasit
    97 | D        | Killed a quasit
    97 | D        | Reached skill level 4 in Dodging
    97 | D        | Reached XP level 2. HP: 32/32 MP: 1/1
    97 | D        | Reached XP level 3. HP: 39/39 MP: 2/2
   102 | D        | Killed a centaur
   102 | D        | Acquired Trog's third power
   102 | D        | Reached skill level 5 in Fighting
   102 | D        | Reached skill level 5 in Dodging
   102 | D        | Reached skill level 5 in Unarmed Combat
   102 | D        | Reached XP level 4. HP: 50/50 MP: 3/3
   156 | D        | Found a glowing silver altar of Zin.
   156 | D        | Found a glowing golden altar of the Shining One.
   156 | D        | Found an ancient bone altar of Kikubaaqudgha.
   156 | D        | Found a basalt altar of Yredelemnul.
   156 | D        | Found a shimmering altar of Xom.
   156 | D        | Found a radiant altar of Vehumet.
   157 | D        | Found an iron altar of Okawaru.
   158 | D        | Found a burning altar of Makhleb.
   159 | D        | Found a deep blue altar of Sif Muna.
   160 | D        | Found a bloodstained altar of Trog.
   161 | D        | Found a sparkling altar of Nemelex Xobeh.
   162 | D        | Found a white marble altar of Elyvilon.
   163 | D        | Found a roughly hewn altar of Beogh.
   164 | D        | Found a viscous altar of Jiyva.
   165 | D        | Found a corrupted altar of Lugonu.
   166 | D        | Found a blossoming altar of Fedhas.
   167 | D        | Found a snail-covered altar of Cheibriados.
   168 | D        | Found a shadowy altar of Dithmenos.
   169 | D        | Found a stormy altar of Qazlal.
   170 | D        | Found an opulent altar of Gozag.
   171 | D        | Found a sacrificial altar of Ru.
   197 | D        | Noticed a worker ant
   197 | D        | Noticed a sky beast
   197 | D        | Noticed an orc warrior
   197 | D        | Noticed a hill giant
   197 | D        | Noticed a hill giant
   202 | D        | Killed a hill giant
   202 | D        | Reached skill level 7 in Fighting
   202 | D        | Reached skill level 8 in Dodging
   202 | D        | Reached skill level 9 in Unarmed Combat
   202 | D        | Reached XP level 5. HP: 62/62 MP: 4/4
   202 | D        | Reached XP level 6. HP: 71/71 MP: 5/5
   202 | D        | Reached XP level 7. HP: 78/78 MP: 6/6
   207 | D        | Killed a hill giant
   207 | D        | Reached skill level 10 in Unarmed Combat
   211 | D        | Killed an orc warrior
   211 | D        | Reached XP level 8. HP: 76/89 MP: 7/7
   219 | D        | Killed a sky beast
   225 | D        | Killed a worker ant
   266 | D        | Noticed an ice beast
   266 | D        | Noticed a giant frog
   266 | D        | Noticed a cyclops
   266 | D        | Noticed a six-headed hydra
   266 | D        | Noticed a hungry ghost
   272 | D        | Killed a nine-headed hydra
   272 | D        | Reached skill level 11 in Dodging
   274 | D        | Killed a hungry ghost
   274 | D        | Reached XP level 9. HP: 56/101 MP: 8/8
   277 | D        | Killed a cyclops
   277 | D        | Reached skill level 10 in Fighting
   278 | D        | Killed a giant frog
   288 | D        | Killed an ice beast
   520 | D        | Noticed a komodo dragon
   520 | D        | Noticed a komodo dragon
   520 | D        | Noticed a komodo dragon
   520 | D        | Noticed an iguana
   520 | D        | Noticed a crocodile
   520 | D        | Noticed a porcupine
   521 | D        | Killed a porcupine
   521 | D        | Reached skill level 12 in Unarmed Combat
   526 | D        | Killed a crocodile
   530 | D        | Noticed a water moccasin
   530 | D        | Killed a komodo dragon
   533 | D        | Noticed a hippogriff
   536 | D        | Killed a komodo dragon
   537 | D        | Noticed a water moccasin
   537 | D        | Killed a komodo dragon
   537 | D        | Received a gift from Trog
   539 | D        | Killed an iguana
   540 | D        | Killed a water moccasin
   543 | D        | Killed a hippogriff
   545 | D        | Killed a water moccasin
   612 | D        | Noticed a fire drake
   612 | D        | Noticed a hippogriff
   612 | D        | Noticed a porcupine
   612 | D        | Noticed a wolf
   612 | D        | Noticed a komodo dragon
   616 | D        | Noticed a giant frog
   618 | D        | Killed a komodo dragon
   618 | D        | Reached skill level 13 in Unarmed Combat
   618 | D        | Reached XP level 10. HP: 63/113 MP: 9/9
   620 | D        | Killed a wolf
   622 | D        | Received a gift from Trog
   623 | D        | Killed a porcupine
   629 | D        | Noticed a yak
   630 | D        | Killed a hippogriff
   631 | D        | Noticed a giant frog
   633 | D        | Killed a fire drake
   634 | D        | Killed a giant frog
   638 | D        | Killed a yak
   642 | D        | Killed a giant frog
   642 | D        | Received a gift from Trog
   742 | D        | Noticed a wolf
   742 | D        | Noticed a wolf
   742 | D        | Noticed a hell hound
   742 | D        | Noticed a wolf
   744 | D        | Noticed a wolf
   744 | D        | Killed a wolf
   746 | D        | Noticed a hell hound
   747 | D        | Killed a wolf
   748 | D        | Noticed a warg
   749 | D        | Killed a hell hound
   751 | D        | Noticed a wolf
   757 | D        | Killed a hell hound
   760 | D        | Killed a warg
   764 | D        | Killed a wolf
   767 | D        | Killed a wolf
   769 | D        | Killed a wolf
   867 | D        | Got the +0 robe of the Blizzard {*Contam Int+5}
   904 | D        | Noticed Erolcha
   913 | D        | Killed Erolcha
   913 | D        | Reached skill level 14 in Unarmed Combat
   939 | D        | Noticed Eustachio
   966 | D        | Killed Eustachio
   987 | D        | Noticed Psyche
   991 | D        | Killed Psyche
   991 | D        | Received a gift from Trog
  1024 | D        | Noticed an orc sorcerer
  1024 | D        | Noticed an orc warrior
  1024 | D        | Noticed an orc wizard
  1024 | D        | Noticed an orc wizard
  1025 | D        | Noticed an orc wizard
  1029 | D        | Noticed an orc warrior
  1032 | D        | Killed an orc wizard
  1033 | D        | Killed an orc wizard
  1038 | D        | Noticed an orc wizard
  1039 | D        | Killed an orc warrior
  1041 | D        | Noticed an orc wizard
  1044 | D        | Killed an orc sorcerer
  1044 | D        | Received a gift from Trog
  1045 | D        | Noticed an orc priest
  1054 | D        | Noticed an orc wizard
  1054 | D        | Killed an orc warrior
  1058 | D        | Killed an orc wizard
  1059 | D        | Killed an orc wizard
  1059 | D        | Received a gift from Trog
  1067 | D        | Killed an orc wizard
  1067 | D        | Reached XP level 11. HP: 102/123 MP: 10/10
  1068 | D        | Killed an orc priest
  1072 | D        | Killed an orc wizard
  1086 | D        | Noticed an orc wizard
  1086 | D        | Noticed an orc knight
  1086 | D        | Noticed an orc sorcerer
  1086 | D        | Noticed an orc warrior
  1086 | D        | Noticed an orc warrior
  1088 | D        | Killed an orc warrior
  1088 | D        | Received a gift from Trog
  1089 | D        | Noticed an orc knight
  1094 | D        | Noticed an orc warrior
  1094 | D        | Killed an orc sorcerer
  1094 | D        | Reached skill level 15 in Unarmed Combat
  1098 | D        | Killed an orc knight
  1099 | D        | Noticed an orc wizard
  1106 | D        | Killed an orc knight
  1107 | D        | Noticed an orc sorcerer
  1109 | D        | Killed an orc warrior
  1111 | D        | Noticed an orc warrior
  1112 | D        | Killed an orc warrior
  1120 | D        | Killed an orc wizard
  1120 | D        | Received a gift from Trog
  1126 | D        | Killed an orc sorcerer
  1132 | D        | Killed an orc warrior
  1135 | D        | Killed an orc wizard
  1135 | D        | Received a gift from Trog
  1246 | D        | Found Xehor's Antique Weapon Boutique.
  1246 | D        | Noticed an orc sorcerer
  1246 | D        | Noticed an orc wizard
  1246 | D        | Noticed an orc sorcerer
  1246 | D        | Noticed an orc sorcerer
  1246 | D        | Noticed an orc sorcerer
  1249 | D        | Killed an orc sorcerer
  1250 | D        | Noticed an orc wizard
  1251 | D        | Noticed a sun demon
  1253 | D        | Noticed an orc wizard
  1253 | D        | Killed an orc sorcerer
  1257 | D        | Killed a sun demon
  1259 | D        | Killed an orc sorcerer
  1259 | D        | Received a gift from Trog
  1259 | D        | Reached skill level 15 in Dodging
  1259 | D        | Reached skill level 1 in Stealth
  1259 | D        | Reached skill level 16 in Unarmed Combat
  1263 | D        | Killed an orc sorcerer
  1264 | D        | Found Riatt's Magic Scroll Shop.
  1266 | D        | Killed an orc wizard
  1268 | D        | Killed an orc wizard
  1268 | D        | Received a gift from Trog
  1274 | D        | Killed an orc wizard
  1277 | D        | Found Egulueso's Assorted Antiques.
  1279 | D        | Noticed an orc sorcerer
  1280 | D        | Found Jiest's Weapon Shop.
  1281 | D        | Noticed an orc sorcerer
  1282 | D        | Noticed an orc wizard
  1283 | D        | Noticed an orc sorcerer
  1285 | D        | Noticed an orc sorcerer
  1288 | D        | Killed an orc sorcerer
  1297 | D        | Killed an orc sorcerer
  1298 | D        | Noticed an orc sorcerer
  1304 | D        | Killed an orc sorcerer
  1304 | D        | Received a gift from Trog
  1307 | D        | Killed an orc sorcerer
  1308 | D        | Killed an orc wizard
  1310 | D        | Killed an orc sorcerer
  1310 | D        | Received a gift from Trog
  1418 | D        | Noticed a wolf
  1419 | D        | Noticed Grum
  1420 | D        | Noticed a wolf
  1420 | D        | Killed a wolf
  1427 | D        | Killed Grum
  1430 | D        | Killed a wolf
  1476 | D        | Gained mutation: Your magical capacity is low (-10% MP). [mutagenic glow]
  1549 | D        | Got the +5 fire dragon armour "Tommiwk" {rF++ rC- Int+4}
  1583 | D        | Noticed a cyan ugly thing
  1583 | D        | Noticed a centaur
  1583 | D        | Noticed a centaur
  1583 | D        | Noticed a mottled dragon
  1585 | D        | Killed a mottled dragon
  1587 | D        | Noticed a sky beast
  1588 | D        | Killed a centaur
  1589 | D        | Noticed a fire dragon
  1592 | D        | Noticed a wight
  1596 | D        | Killed a cyan ugly thing
  1596 | D        | Received a gift from Trog
  1596 | D        | Reached skill level 1 in Armour
  1597 | D        | Noticed a rakshasa
  1601 | D        | Killed a centaur
  1604 | D        | Killed a centaur
  1608 | D        | Killed a sky beast
  1610 | D        | Noticed a wizard
  1614 | D        | Noticed a fire dragon
  1617 | D        | Noticed an entropy weaver
  1620 | D        | Noticed an entropy weaver
  1621 | D        | Killed a fire dragon
  1626 | D        | Noticed an ettin
  1629 | D        | Killed a rakshasa
  1629 | D        | Reached XP level 12. HP: 118/137 MP: 9/9
  1630 | D        | Killed a wizard
  1630 | D        | Received a gift from Trog
  1630 | D        | Reached skill level 17 in Unarmed Combat
  1631 | D        | Noticed a yaktaur
  1632 | D        | Killed a wight
  1634 | D        | Killed a fire dragon
  1640 | D        | Killed an entropy weaver
  1642 | D        | Killed an ettin
  1644 | D        | Killed a yaktaur
  1689 | D        | Noticed Gastronok
  1702 | D        | Killed Gastronok
  1702 | D        | Received a gift from Trog
  1815 | D        | Noticed a black mamba
  1815 | D        | Noticed a black mamba
  1815 | D        | Noticed a shock serpent
  1815 | D        | Noticed an anaconda
  1815 | D        | Noticed a naga sharpshooter
  1815 | D        | Noticed a guardian serpent
  1817 | D        | Killed a guardian serpent
  1818 | D        | Noticed a guardian serpent
  1825 | D        | Killed a naga sharpshooter
  1826 | D        | Killed an anaconda
  1827 | D        | Noticed an anaconda
  1828 | D        | Noticed a naga mage
  1833 | D        | Killed a shock serpent
  1833 | D        | Reached skill level 18 in Unarmed Combat
  1836 | D        | Killed a black mamba
  1838 | D        | Killed a black mamba
  1838 | D        | Received a gift from Trog
  1839 | D        | Killed a guardian serpent
  1842 | D        | Killed an anaconda
  1844 | D        | Killed a naga mage
  1844 | D        | Received a gift from Trog
  1958 | D        | Noticed a hornet
  1958 | D        | Noticed a spriggan rider
  1958 | D        | Noticed an alligator
  1958 | D        | Noticed a raven
  1958 | D        | Noticed an alligator
  1958 | D        | Noticed a vampire mosquito
  1966 | D        | Killed an alligator
  1976 | D        | Killed an alligator
  1981 | D        | Killed a vampire mosquito
  1983 | D        | Killed a raven
  1988 | D        | Killed a spriggan rider
  1988 | D        | Killed a wasp
  1988 | D        | Reached skill level 5 in Armour
  1994 | D        | Killed a hornet
  1994 | D        | Received a gift from Trog
  1995 | D        | Noticed a seven-headed hydra
  2003 | D        | Noticed a bog body
  2005 | D        | Killed an eight-headed hydra
  2012 | D        | Killed a bog body
  2150 | D        | Noticed an entropy weaver
  2150 | D        | Noticed a demonic crawler
  2150 | D        | Noticed a demonic crawler
  2150 | D        | Noticed a wolf spider
  2150 | D        | Noticed a redback
  2150 | D        | Noticed a demonic crawler
  2153 | D        | Killed a demonic crawler
  2162 | D        | Killed a redback
  2164 | D        | Noticed a jumping spider
  2166 | D        | Killed a wolf spider
  2166 | D        | Reached XP level 13. HP: 122/148 MP: 0/10
  2168 | D        | Killed a demonic crawler
  2168 | D        | Reached skill level 19 in Unarmed Combat
  2179 | D        | Noticed a hornet
  2179 | D        | HP: 6/148 [demonic crawler (7)]
  2179 | D        | Slain by a demonic crawler

Vault maps used:
D:        linesprint

Action                   |  1- 3 |  4- 6 |  7- 9 | 10-12 | 13-15 || total
-------------------------+-------+-------+-------+-------+-------++-------
Melee: Unarmed           |    25 |     4 |    61 |   335 |     6 ||   431
Invok: Berserk           |     1 |     1 |     3 |     1 |       ||     6
       Brothers in Arms  |       |       |       |     3 |       ||     3
  Use: Potion            |       |       |     1 |     4 |       ||     5
       Scroll            |       |       |       |     2 |       ||     2
 Stab: Invisible         |       |       |       |     1 |       ||     1
  Eat: Chunk             |     4 |     4 |     3 |    12 |       ||    23
       Fruit             |       |       |       |     1 |       ||     1
